[Event "Titled Tuesday Blitz July 4 Early 2023"]
[White "Rizzo, Tobias"]
[Black "Legenia, Artem"]
[WhiteFideId "30942691"]
[BlackFideId "14136945"]
[WhiteElo "2454"]
[BlackElo "2285"]
[Result "1-0"]
[Round "10"]
[TimeControl "180+2"]
[Date "2023.07.04"]
[WhiteClock "0:00:09"]
[BlackClock "0:00:12"]
[Board "134"]

1. d4 c5 2. d5 e5 3. e4 d6 4. Nc3 Nf6 5. h3 Be7 6. Nf3 O-O 7. Be2 Ne8 8. O-O g6 9. Nd2 Ng7 10. a4 Nd7 11. a5 f5 12. Nc4 Nf6 13. f3 Rb8 14. Bh6 Kh8 15. Qd2 Ng8 16. Be3 f4 17. Bf2 g5 18. Rab1 Bd7 19. b4 b5 20. axb6 axb6 21. bxc5 bxc5 22. Rxb8 Qxb8 23. Rb1 Qa7 24. Nb5 Bxb5 25. Rxb5 Nf6 26. Qc3 Rb8 27. Qb3 Nd7 28. Na5 Bd8 29. Nc6 Rxb5 30. Qxb5 Qb6 31. Qa4 Bc7 32. Qa8+ Nb8 33. Kh2 h5 34. Be1 Qb1 35. Ba5 Bxa5 36. Qxa5 Kh7 37. Qd8 Qxc2 38. Ne7 g4 39. Qg8+ Kh6 40. Qh8+ Kg5 41. Qxg7+ Kh4 42. Nf5# 1-0


[Site "https://www.chess.com"]

[Event "Titled Tuesday Blitz July 4 Early 2023"]
[White "LangesNasenhaar"]
[Black "Modric, Nesa"]
[BlackFideId "922579"]
[WhiteElo "2433"]
[BlackElo "2256"]
[Result "0-1"]
[Round "10"]
[TimeControl "180+2"]
[Date "2023.07.04"]
[WhiteClock "0:00:07"]
[BlackClock "0:00:30"]
[Board "135"]

1. d4 d5 2. Nc3 e6 3. Bf4 a6 4. e3 c5 5. Nf3 Nc6 6. dxc5 Bxc5 7. Bd3 Nf6 8. O-O b5 9. e4 dxe4 10. Nxe4 Nxe4 11. Bxe4 Bb7 12. Qe2 O-O 13. Rad1 Qf6 14. Bg5 Qxb2 15. Rd7 Ne5 16. Rxb7 Nxf3+ 17. Qxf3 Qxa2 18. Qh3 f5 19. Bd3 Qd5 20. Qf3 Qd6 21. Rd1 h6 22. Bc4 Qe5 23. Bf4 Qf6 24. Qg3 Bd4 25. Bb3 Rad8 26. Re1 Rfe8 27. h4 Kh8 28. Be5 Bxe5 29. Rxe5 Rd1+ 30. Kh2 Rd4 31. Rxe6 Rxh4+ 32. Kg1 Qa1+ 33. Re1 Qxe1# 0-1


[Site "https://www.chess.com"]

[Event "Titled Tuesday Blitz July 4 Early 2023"]
[White "tomobeast"]
[Black "KorolDimitriy75"]
[WhiteElo "2254"]
[BlackElo "2411"]
[Result "0-1"]
[Round "10"]
[TimeControl "180+2"]
[Date "2023.07.04"]
[WhiteClock "0:00:05"]
[BlackClock "0:00:59"]
[Board "136"]

1. e4 c5 2. Nf3 d6 3. d4 cxd4 4. Nxd4 Nf6 5. Nc3 g6 6. Be3 Bg7 7. f3 O-O 8. Qd2 Nc6 9. O-O-O d5 10. Kb1 Nxd4 11. e5 Nxf3 12. gxf3 Nh5 13. Nxd5 Be6 14. f4 Qxd5 15. Qxd5 Bxd5 16. Rxd5 Bh6 17. Bc4 Bxf4 18. Bxf4 Nxf4 19. Rd7 e6 20. Rxb7 Rfb8 21. Rd7 Rd8 22. Rhd1 Rxd7 23. Rxd7 g5 24. b4 Ng6 25. b5 Nxe5 26. Rc7 Nxc4 27. Rxc4 Kg7 28. a4 h5 29. Rc7 g4 30. Kc1 Kg6 31. Kd2 f5 32. a5 e5 33. c4 h4 34. Ke2 f4 35. b6 axb6 36. axb6 Ra2+ 37. Kf1 g3 38. hxg3 hxg3 39. b7 Rb2 40. c5 f3 41. Rc6+ Kf5 42. Rb6 Rc2 43. Ke1 g2 44. b8=Q g1=Q# 0-1


[Site "https://www.chess.com"]

[Event "Titled Tuesday Blitz July 4 Early 2023"]
[White "Wartiovaara, Oliver"]
[Black "Thiel, Thomas"]
[WhiteFideId "513024"]
[BlackFideId "4615964"]
[WhiteElo "2378"]
[BlackElo "2218"]
[Result "1-0"]
[Round "10"]
[TimeControl "180+2"]
[Date "2023.07.04"]
[WhiteClock "0:01:05"]
[BlackClock "0:00:45"]
[Board "137"]

1. e4 d5 2. exd5 Nf6 3. d4 Nxd5 4. Nf3 g6 5. c4 Nb6 6. c5 Nd5 7. Nc3 Bg7 8. Bc4 Nxc3 9. bxc3 O-O 10. O-O Nc6 11. Bg5 Na5 12. Bd3 b6 13. Re1 Re8 14. Qa4 Bd7 15. Qa3 Nb7 16. Be4 c6 17. cxb6 axb6 18. Qb3 Nd6 19. Ne5 Nxe4 20. Nxf7 Be6 21. Qxe6 Qd5 22. Nh6+ Kh8 23. Rxe4 1-0


[Site "https://www.chess.com"]

[Event "Titled Tuesday Blitz July 4 Early 2023"]
[White "Fernandez Siles, Luis"]
[Black "Sariego Figueredo, Wilfredo"]
[WhiteFideId "2209420"]
[BlackFideId "3500080"]
[WhiteElo "2371"]
[BlackElo "2196"]
[Result "1-0"]
[Round "10"]
[TimeControl "180+2"]
[Date "2023.07.04"]
[WhiteClock "0:00:28"]
[BlackClock "0:00:00"]
[Board "138"]

1. d4 d5 2. c4 c6 3. Nc3 Nf6 4. Nf3 a6 5. g3 dxc4 6. Bg2 b5 7. O-O Bb7 8. Qc2 e6 9. e4 Be7 10. b3 b4 11. Na4 c3 12. Nc5 Bxc5 13. dxc5 Qe7 14. Be3 Nbd7 15. a3 a5 16. axb4 axb4 17. Rxa8+ Bxa8 18. Ra1 O-O 19. Ra7 Qd8 20. Ne1 Qb8 21. Ra4 Qb5 22. Nd3 Bb7 23. Rxb4 Qa6 24. Qxc3 h6 25. h3 Rd8 26. Kh2 Qa8 27. Bd4 Ba6 28. Ne5 Nf8 29. Ng4 Nxg4+ 30. hxg4 f6 31. Bxf6 gxf6 32. Qxf6 Rd7 33. e5 Rf7 34. Qh4 Rxf2 35. Qxh6 Bf1 36. Kg1 Rxg2+ 37. Kxf1 Rxg3 38. Qg5+ Kh8 39. Qh4+ Nh7 40. Qxg3 Qa1+ 41. Qe1 Qa6+ 42. Rc4 Qa2 43. Qf2 Qxb3 44. Rd4 Qb1+ 45. Kg2 Qb8 46. Rd6 Qe8 47. Qd2 Kg7 48. Rd7+ Kg6 49. Qd3+ 1-0


[Site "https://www.chess.com"]

[Event "Titled Tuesday Blitz July 4 Early 2023"]
[White "Hartikainen, Jarmo"]
[Black "Barbot, Pierre"]
[WhiteFideId "503134"]
[BlackFideId "663727"]
[WhiteElo "2164"]
[BlackElo "2367"]
[Result "0-1"]
[Round "10"]
[TimeControl "180+2"]
[Date "2023.07.04"]
[WhiteClock "0:00:12"]
[BlackClock "0:00:19"]
[Board "139"]

1. e4 c5 2. c3 Nf6 3. e5 Nd5 4. d4 cxd4 5. Nf3 Nc6 6. cxd4 e6 7. Nc3 d6 8. Bd3 dxe5 9. dxe5 Nxc3 10. bxc3 Qa5 11. O-O Nxe5 12. Nxe5 Qxe5 13. Re1 Qc7 14. Rb1 Bd6 15. Qh5 Bd7 16. Bg5 Rb8 17. Bh4 Qc5 18. Qg4 Be5 19. Rxe5 Qxe5 20. Bg3 Qxc3 21. Bxb8 Qxd3 22. Qb4 Bc6 23. h3 Qe4 24. Qxe4 Bxe4 25. Bxa7 Bxb1 26. a4 Bc2 27. a5 Kd7 28. Bc5 Ra8 29. Kh2 Rxa5 30. Bb6 Rb5 31. Be3 Rb1 32. Kg3 g6 33. Kf4 b5 34. Ke5 b4 35. Bd4 b3 36. Kf6 Rd1 37. Bc3 Bd3 38. Kxf7 Rf1 39. f3 Rg1 40. g4 Rg3 41. Kg7 Rxf3 42. Kxh7 Rxh3+ 43. Kg7 Rg3 44. Kf6 Rxg4 45. Ke5 Rg2 46. Kd4 b2 47. Bxb2 Rxb2 48. Kxd3 Rb5 49. Ke4 Rf5 50. Kd4 g5 51. Ke4 g4 0-1


[Site "https://www.chess.com"]

[Event "Titled Tuesday Blitz July 4 Early 2023"]
[White "Fisabilillah, Ummi"]
[Black "BebeBonito2022"]
[WhiteFideId "7104804"]
[WhiteElo "2350"]
[BlackElo "2162"]
[Result "1-0"]
[Round "10"]
[TimeControl "180+2"]
[Date "2023.07.04"]
[WhiteClock "0:00:36"]
[BlackClock "0:00:00"]
[Board "140"]

1. e4 e5 2. Nf3 Nc6 3. Nc3 Nf6 4. Bc4 Nxe4 5. Nxe4 d5 6. Bxd5 Qxd5 7. Nc3 Qd8 8. h3 Bd6 9. O-O O-O 10. Re1 f5 11. d3 h6 12. Bd2 Qf6 13. Nd5 Qf7 14. c4 Be6 15. Qb3 Rab8 16. Nb4 e4 17. Nh2 Nd4 18. Qd1 c5 19. Nc2 exd3 20. Nxd4 cxd4 21. b3 b5 22. cxb5 Rxb5 23. Nf3 Qf6 24. Qb1 g5 25. Qxd3 Rd5 26. Qe2 Re8 27. Rac1 Bf7 28. Qd3 g4 29. hxg4 fxg4 30. Rxe8+ Bxe8 31. Qe4 Bf7 32. Qxg4+ Kh7 33. Qe4+ Qf5 34. Qh4 Qg6 35. Rc8 Rh5 36. Qd8 Qb1+ 37. Be1 Bh2+ 38. Nxh2 Qxe1+ 39. Nf1 Rh1+ 40. Kxh1 Qxf1+ 41. Kh2 1-0


[Site "https://www.chess.com"]

[Event "Titled Tuesday Blitz July 4 Early 2023"]
[White "Korpics, Zsolt"]
[Black "Lisjak, Zlatko"]
[WhiteFideId "705241"]
[BlackFideId "14502186"]
[WhiteElo "2346"]
[BlackElo "2141"]
[Result "0-1"]
[Round "10"]
[TimeControl "180+2"]
[Date "2023.07.04"]
[WhiteClock "0:00:41"]
[BlackClock "0:02:21"]
[Board "141"]

1. e4 d6 2. d4 Nf6 3. Nc3 c6 4. f3 Qb6 5. g4 e5 6. g5 Nh5 7. Nge2 Be7 8. Be3 Qxb2 9. Na4 Qa3 10. c4 Qxe3 11. Rb1 Bxg5 12. Rb3 Bh4# 0-1


[Site "https://www.chess.com"]

[Event "Titled Tuesday Blitz July 4 Early 2023"]
[White "Dwilewicz, Katarzyna"]
[Black "Singgih, Diajeng Theresa"]
[WhiteFideId "1148486"]
[BlackFideId "7104391"]
[WhiteElo "2328"]
[BlackElo "2133"]
[Result "0-1"]
[Round "10"]
[TimeControl "180+2"]
[Date "2023.07.04"]
[WhiteClock "0:00:03"]
[BlackClock "0:00:06"]
[Board "142"]

1. e4 e5 2. Nf3 Nc6 3. Bc4 Bc5 4. O-O Nf6 5. d3 O-O 6. h3 h6 7. c3 d5 8. exd5 Nxd5 9. Re1 Be6 10. b4 Bb6 11. b5 Na5 12. Nxe5 Qh4 13. Qf3 Rad8 14. Re4 Qe7 15. Ba3 Bc5 16. Bxc5 Qxc5 17. d4 Qb6 18. Bf1 Nf6 19. Rh4 c5 20. Nd2 cxd4 21. Ndc4 Nxc4 22. Nxc4 Qxb5 23. Nd6 Qg5 24. Rxd4 Bd5 25. Rxd5 Qxd5 26. Qxd5 Nxd5 27. Nxb7 Rc8 28. c4 Nb6 29. c5 Na4 30. Rc1 Rc7 31. c6 Rfc8 32. Bb5 Nb6 33. Nd6 Rd8 34. Nb7 Rd5 35. a4 Rd4 36. a5 Nd5 37. Nd6 Nb4 38. Nf5 Rd5 39. Ne3 Rxb5 40. Rc4 Rxc6 41. Rd4 Rc1+ 42. Kh2 Nc6 43. Rd6 Rxa5 44. g4 Ra2 45. Kg2 Ne5 46. Nf5 Kh7 47. Rd5 Nc4 48. Kg3 Rc3+ 49. f3 Raa3 50. Nd4 Nd2 51. h4 Nxf3 52. Nxf3 Rxf3+ 53. Kg2 Rfb3 54. Rd2 a5 55. Kf2 Rc3 56. g5 a4 57. h5 hxg5 58. h6 gxh6 0-1


[Site "https://www.chess.com"]

[Event "Titled Tuesday Blitz July 4 Early 2023"]
[White "Shapiro, Daniel"]
[Black "Aanna12"]
[WhiteFideId "2001780"]
[WhiteElo "2327"]
[BlackElo "2097"]
[Result "1-0"]
[Round "10"]
[TimeControl "180+2"]
[Date "2023.07.04"]
[WhiteClock "0:01:30"]
[BlackClock "0:00:59"]
[Board "143"]

1. d4 Nf6 2. c4 d6 3. Nc3 Nbd7 4. e4 e5 5. Nf3 Be7 6. Be2 O-O 7. O-O c6 8. Be3 Re8 9. h3 Bf8 10. Qc2 exd4 11. Nxd4 Nc5 12. Bf3 a5 13. Rfe1 h6 14. Rad1 Qc7 15. Bf4 Nfd7 16. b3 Ne5 17. Be2 Ne6 18. Nxe6 Bxe6 19. Bg3 Rad8 20. f4 Nd7 21. f5 Bxf5 22. exf5 Nc5 23. Bf3 1-0


[Site "https://www.chess.com"]

[Event "Titled Tuesday Blitz July 4 Early 2023"]
[White "Vifleemskaia, Svetlana"]
[Black "Floresvillar Gonzalez, Luis Migu"]
[WhiteFideId "4129490"]
[BlackFideId "5100542"]
[WhiteElo "2316"]
[BlackElo "2096"]
[Result "0-1"]
[Round "10"]
[TimeControl "180+2"]
[Date "2023.07.04"]
[WhiteClock "0:00:00"]
[BlackClock "0:00:34"]
[Board "144"]

1. d4 Nf6 2. c4 b6 3. Nc3 Bb7 4. a3 e6 5. d5 exd5 6. cxd5 Bd6 7. e4 O-O 8. Bd3 Re8 9. Nge2 c6 10. f4 Bc5 11. b4 Bf8 12. e5 Nxd5 13. Nxd5 cxd5 14. O-O d6 15. Bb2 Nd7 16. Qc2 Qh4 17. Rf3 Rac8 18. Qd2 g6 19. Rh3 Qe7 20. exd6 Qxd6 21. Rxh7 Kxh7 22. f5 Bg7 23. fxg6+ fxg6 24. Bxg7 Kxg7 25. Nf4 d4 26. Nxg6 Re3 27. Bf5 Qd5 28. Rf1 Ne5 0-1


[Site "https://www.chess.com"]

[Event "Titled Tuesday Blitz July 4 Early 2023"]
[White "Politov, Pavel Y."]
[Black "Sokolov, Andrei"]
[WhiteFideId "24110515"]
[BlackFideId "11600306"]
[WhiteElo "2078"]
[BlackElo "2303"]
[Result "1-0"]
[Round "10"]
[TimeControl "180+2"]
[Date "2023.07.04"]
[WhiteClock "0:00:17"]
[BlackClock "0:00:00"]
[Board "145"]

1. e4 c6 2. d4 d5 3. exd5 cxd5 4. Bd3 Nc6 5. c3 Nf6 6. h3 e5 7. dxe5 Nxe5 8. Nf3 Nxd3+ 9. Qxd3 Be6 10. O-O Bd6 11. Be3 O-O 12. Nbd2 Bc7 13. Nb3 Qd6 14. Bc5 Qf4 15. Bxf8 Rxf8 16. Qd4 Qh6 17. Qe3 Bf4 18. Qd4 Ne4 19. Rfe1 f5 20. Rad1 Rf6 21. Nc5 Bf7 22. Nxe4 fxe4 23. Rxe4 dxe4 24. Qd8+ Be8 25. Qxe8+ Rf8 26. Qxe4 Bb8 27. Qxb7 Qf4 28. Qd5+ Kh8 29. Qd4 Qc7 30. Qe4 h6 31. Qd4 Kh7 32. Qd3+ Kh8 33. Qd7 Qf4 34. Qd3 Qc7 35. Qe3 Rxf3 36. gxf3 Qh2+ 37. Kf1 Qxh3+ 38. Ke2 1-0


[Site "https://www.chess.com"]

[Event "Titled Tuesday Blitz July 4 Early 2023"]
[White "Vaglio Munoz, Jaime"]
[Black "Gyulamiryan-koryun"]
[WhiteFideId "6500145"]
[WhiteElo "2298"]
[BlackElo "1708"]
[Result "1-0"]
[Round "10"]
[TimeControl "180+2"]
[Date "2023.07.04"]
[WhiteClock "0:02:02"]
[BlackClock "0:00:00"]
[Board "146"]

1. e4 e5 2. f4 exf4 3. d4 d6 4. Bxf4 h6 5. Nc3 g5 6. Bg3 Bg7 7. h4 g4 8. h5 Nf6 9. Qd2 Nh7 10. O-O-O Ng5 11. Bc4 Be6 12. Bd3 f6 13. Nge2 Nd7 14. Nf4 Bf7 15. Qe2 Qe7 16. Nfd5 Bxd5 17. Nxd5 Qd8 18. Qxg4 c6 19. Nf4 Qa5 20. Kb1 O-O-O 21. Ng6 Rhe8 22. Rhe1 Qb4 23. c3 Qa5 24. Qf5 Kb8 25. Qxa5 Nb6 26. Qf5 1-0


[Site "https://www.chess.com"]

[Event "Titled Tuesday Blitz July 4 Early 2023"]
[White "Saito, Vinicius"]
[Black "Winkels, Marcel"]
[WhiteFideId "2113384"]
[BlackFideId "1003887"]
[WhiteElo "2373"]
[BlackElo "2071"]
[Result "1-0"]
[Round "10"]
[TimeControl "180+2"]
[Date "2023.07.04"]
[WhiteClock "0:01:16"]
[BlackClock "0:00:05"]
[Board "147"]

1. e4 c5 2. Nf3 d6 3. c3 Bg4 4. h3 Bxf3 5. Qxf3 Nc6 6. Bb5 Rc8 7. O-O Nf6 8. d3 e5 9. Nd2 Be7 10. Qe2 O-O 11. Nf3 a6 12. Ba4 b5 13. Bb3 h6 14. Rd1 a5 15. Bc2 a4 16. g3 Qd7 17. Kg2 Rfe8 18. Nh4 Bf8 19. Nf5 Ne7 20. Ne3 Ng6 21. Qf3 Rcd8 22. b3 axb3 23. axb3 Ra8 24. Bb2 Ne7 25. d4 Nc6 26. dxc5 Rxa1 27. Bxa1 Qc7 28. cxd6 Bxd6 29. Nf5 Bf8 30. Bd3 b4 31. Bc4 bxc3 32. Bxc3 Nd4 33. Nxd4 exd4 34. Bxd4 Nxe4 35. Be3 Nd6 36. Bd5 Nb5 37. Rc1 Qb8 38. Rc6 Nd6 39. Bf4 Qd8 40. Bxd6 Bxd6 41. Bxf7+ Kf8 42. Bxe8+ Kxe8 43. Qe4+ Kf8 44. Qd5 Ke7 45. b4 Qd7 46. b5 h5 47. b6 h4 48. b7 Qd8 49. Qxd6+ Qxd6 50. Rxd6 Kxd6 51. b8=Q+ 1-0


[Site "https://www.chess.com"]

[Event "Titled Tuesday Blitz July 4 Early 2023"]
[White "Warchol, Kamil"]
[Black "Adireddy Arjun"]
[WhiteFideId "21858241"]
[BlackFideId "25647709"]
[WhiteElo "2235"]
[BlackElo "2350"]
[Result "0-1"]
[Round "10"]
[TimeControl "180+2"]
[Date "2023.07.04"]
[WhiteClock "0:00:01"]
[BlackClock "0:00:29"]
[Board "148"]

1. e4 c6 2. c4 d5 3. cxd5 cxd5 4. exd5 Qxd5 5. Nc3 Qd8 6. Nf3 Nf6 7. d4 g6 8. Qb3 Bg7 9. Bc4 O-O 10. d5 Nbd7 11. Be3 a6 12. a4 b6 13. O-O Bb7 14. Rfd1 Rc8 15. Rac1 Nc5 16. Qa3 Qd6 17. a5 Ncd7 18. Qxd6 exd6 19. Ba2 b5 20. Bf4 b4 21. Bxd6 bxc3 22. Bxf8 Kxf8 23. bxc3 Ne4 24. c4 Nc3 25. Rd2 Nxa2 26. Rxa2 Bxd5 27. Rac2 Be4 28. Rd2 Bxf3 29. gxf3 Bh6 30. Rxd7 Bxc1 31. Ra7 Rc6 0-1


[Site "https://www.chess.com"]

[Event "Titled Tuesday Blitz July 4 Early 2023"]
[White "Nakhbayeva, Guliskhan"]
[Black "Mikhaylova, Irina"]
[WhiteFideId "13704788"]
[BlackFideId "4109040"]
[WhiteElo "2219"]
[BlackElo "2312"]
[Result "0-1"]
[Round "10"]
[TimeControl "180+2"]
[Date "2023.07.04"]
[WhiteClock "0:00:00"]
[BlackClock "0:00:50"]
[Board "149"]

1. d4 Nf6 2. Nf3 g6 3. Nbd2 Bg7 4. e4 O-O 5. Bb5 c6 6. Bd3 d6 7. O-O Nbd7 8. a4 e5 9. dxe5 Nxe5 10. Nxe5 dxe5 11. Nc4 Qe7 12. b3 Nh5 13. Ba3 Qg5 14. Bxf8 Nf4 15. Qf3 Bxf8 16. Kh1 h5 17. Rg1 Bg4 18. Qe3 Bh6 19. Bf1 Qf6 20. Qg3 Be6 21. Ne3 Rd8 22. Rd1 Rd4 23. Rxd4 exd4 24. Nc4 h4 25. Qf3 Qg5 26. h3 b5 27. axb5 cxb5 28. Nd6 a6 29. Nb7 Qe5 30. Na5 Qc7 31. b4 Qxc2 32. Nb7 Bc4 0-1


[Site "https://www.chess.com"]

[Event "Titled Tuesday Blitz July 4 Early 2023"]
[White "agvania123"]
[Black "Fernandez Hernandez, Gerardo"]
[BlackFideId "2207400"]
[WhiteElo "2269"]
[BlackElo "2210"]
[Result "0-1"]
[Round "10"]
[TimeControl "180+2"]
[Date "2023.07.04"]
[WhiteClock "0:01:29"]
[BlackClock "0:01:37"]
[Board "150"]

1. c4 e5 2. Nc3 Nc6 3. Nf3 f5 4. d4 e4 5. d5 exf3 6. dxc6 fxg2 7. cxd7+ Qxd7 8. Qxd7+ Bxd7 9. Bxg2 c6 10. Bd2 Nf6 11. O-O-O Bc5 12. e3 O-O-O 13. Rhg1 Ng4 14. Be1 Nxh2 15. Ne2 Ng4 16. Nd4 h5 17. Bc3 Nxf2 18. Rdf1 Ng4 19. Bh3 Nxe3 0-1


[Site "https://www.chess.com"]

[Event "Titled Tuesday Blitz July 4 Early 2023"]
[White "Ho, In Hei Henry"]
[Black "Martin, Lewis"]
[WhiteFideId "6002552"]
[BlackFideId "410551"]
[WhiteElo "2074"]
[BlackElo "2262"]
[Result "0-1"]
[Round "10"]
[TimeControl "180+2"]
[Date "2023.07.04"]
[WhiteClock "0:00:06"]
[BlackClock "0:00:26"]
[Board "151"]

1. e4 c5 2. Nc3 Nc6 3. f4 e6 4. Nf3 a6 5. d3 b5 6. Be3 d5 7. Bf2 d4 8. Ne2 e5 9. fxe5 Bg4 10. Bg3 h5 11. h3 Bxf3 12. gxf3 Be7 13. f4 Bh4 14. Rg1 Nh6 15. Qd2 Qe7 16. a3 O-O-O 17. Kd1 Bxg3 18. Nxg3 f6 19. exf6 gxf6 20. Nxh5 Rhg8 21. Ng3 Rg7 22. Qf2 Rdg8 23. Be2 Nf7 24. Bg4+ Kb7 25. Kd2 Nd6 26. Nf5 Nxf5 27. Bxf5 Qc7 28. Rxg7 Rxg7 29. Rg1 Rxg1 30. Qxg1 Qxf4+ 31. Kd1 Ne5 32. Qg7+ Kb6 33. Qxf6+ Ka5 34. b4+ cxb4 35. axb4+ Kxb4 36. Qd6+ Kc3 37. Qc5+ Nc4 38. Ke2 Kxc2 39. dxc4 d3+ 40. Ke1 d2+ 41. Ke2 d1=Q# 0-1


[Site "https://www.chess.com"]

[Event "Titled Tuesday Blitz July 4 Early 2023"]
[White "Skiadopoulos, Nikolaos"]
[Black "Tuleyeva-Aketayeva, Dana"]
[WhiteFideId "4200772"]
[BlackFideId "13701932"]
[WhiteElo "1902"]
[BlackElo "2242"]
[Result "0-1"]
[Round "10"]
[TimeControl "180+2"]
[Date "2023.07.04"]
[WhiteClock "0:00:00"]
[BlackClock "0:01:03"]
[Board "152"]

1. e4 c5 2. b4 d6 3. bxc5 dxc5 4. Nf3 Nc6 5. Bb5 Bd7 6. O-O Nf6 7. e5 Nd5 8. e6 Bxe6 9. Ne5 Bd7 10. Nxd7 Qxd7 11. Na3 e6 12. Nc4 Bd6 13. Nxd6+ Qxd6 14. Ba3 O-O 15. d4 Nc3 16. Qd3 Nxb5 17. Qxb5 Nxd4 18. Qxc5 Qf4 19. Qa5 Rfd8 20. Be7 Rd5 21. Qe1 Nxc2 22. Qc1 Qf5 23. Rb1 b6 24. Rb3 Nd4 25. Re3 h6 26. Bh4 Re5 27. Bg3 Ne2+ 28. Rxe2 Rxe2 29. Qc6 Qd5 30. Qa4 Rxa2 31. Qg4 a5 32. h4 a4 33. Rd1 Rd2 34. Rb1 a3 0-1


[Site "https://www.chess.com"]

[Event "Titled Tuesday Blitz July 4 Early 2023"]
[White "Pein, Jonathan"]
[Black "Guevara Sanchez, Erick Marvin"]
[WhiteFideId "417092"]
[BlackFideId "6700136"]
[WhiteElo "2409"]
[BlackElo "2068"]
[Result "1-0"]
[Round "10"]
[TimeControl "180+2"]
[Date "2023.07.04"]
[WhiteClock "0:01:28"]
[BlackClock "0:00:28"]
[Board "153"]

1. Nf3 d5 2. b3 Nc6 3. Bb2 e6 4. e3 Bd6 5. Bxg7 f6 6. Bxh8 Qe7 7. Bb5 h6 8. Nd4 Bd7 9. Qh5+ Qf7 10. Qxf7+ Kxf7 11. Nxc6 bxc6 12. Bd3 Ne7 13. Bxf6 Kxf6 14. f4 e5 15. fxe5+ Bxe5 16. c3 Rg8 17. g3 Ke6 18. Na3 Kd6 19. O-O-O Bh3 20. Nc2 c5 21. Rde1 Rf8 22. Bf1 Bg4 23. Be2 Bh3 24. d4 Bg7 25. dxc5+ Kxc5 26. Nd4 Nf5 27. Ne6+ Kd6 28. Nxf8 Bxf8 29. Rhf1 Bxf1 30. Rxf1 Ke5 31. Bd3 Ba3+ 32. Kd2 Nd6 33. b4 a5 34. Kc2 axb4 35. Kb3 c5 36. cxb4 Bxb4 37. a3 Ba5 38. Rf8 c4+ 39. Kc2 cxd3+ 40. Kxd3 Bb6 41. Rh8 Bc5 42. a4 Nc4 43. Rxh6 Bxe3 44. Rh5+ Kd6 45. a5 Bc5 46. a6 Ne5+ 47. Ke2 d4 48. Rh7 Nc6 49. Kd3 Nb4+ 50. Kc4 d3 51. a7 Bxa7 52. Rxa7 d2 53. Ra1 Nd5 54. Kd3 Nb4+ 55. Kxd2 Ke5 56. Rf1 Nd5 57. h4 Nf6 58. Rxf6 Kxf6 59. Ke3 Kf5 60. Kf3 Kg6 61. g4 Kh6 62. Kf4 Kg6 63. Ke5 Kh7 64. Kf6 Kh8 65. Kf7 Kh7 66. g5 Kh8 67. h5 Kh7 68. g6+ Kh8 69. g7+ Kh7 70. g8=Q+ Kh6 71. Qg6# 1-0


[Site "https://www.chess.com"]

[Event "Titled Tuesday Blitz July 4 Early 2023"]
[White "Vazquez Espino, Uriel"]
[Black "Peiris, T G M"]
[WhiteFideId "5119138"]
[BlackFideId "9901310"]
[WhiteElo "2345"]
[BlackElo "2213"]
[Result "1-0"]
[Round "10"]
[TimeControl "180+2"]
[Date "2023.07.04"]
[WhiteClock "0:00:25"]
[BlackClock "0:00:13"]
[Board "154"]

1. e4 c5 2. Nf3 Nc6 3. Bb5 d5 4. exd5 Qxd5 5. Nc3 Qe6+ 6. Be2 Nf6 7. O-O Qd7 8. Bb5 Qc7 9. d4 cxd4 10. Nxd4 Bd7 11. Bg5 O-O-O 12. Nxc6 Bxc6 13. Qe2 a6 14. Bxc6 Qxc6 15. Rad1 Rxd1 16. Rxd1 e6 17. Qe5 Be7 18. Bf4 Nd7 19. Qxg7 Bf6 20. Qxf7 Rf8 21. Qh5 Bxc3 22. Bd6 Rg8 23. f3 Bb4 24. Bxb4 Qb6+ 25. Kh1 Qxb4 26. Qf7 Rd8 27. Qxe6 Qxb2 28. Qc4+ Kb8 29. Qf4+ Ka8 30. Qc7 Qb6 31. Qxb6 Nxb6 32. Rxd8+ Ka7 33. Rh8 Nd5 34. Rd8 Ne3 35. f4 Nxc2 36. f5 Ne3 37. f6 Nf5 38. f7 1-0


[Site "https://www.chess.com"]

[Event "Titled Tuesday Blitz July 4 Early 2023"]
[White "Kiseleva, Arina"]
[Black "Biriukov, Ilja"]
[WhiteFideId "4164989"]
[BlackFideId "4113373"]
[WhiteElo "2172"]
[BlackElo "2267"]
[Result "0-1"]
[Round "10"]
[TimeControl "180+2"]
[Date "2023.07.04"]
[WhiteClock "0:00:00"]
[BlackClock "0:00:22"]
[Board "155"]

1. d4 Nf6 2. Nf3 g6 3. Nbd2 Bg7 4. e4 d6 5. c3 O-O 6. Bd3 Nbd7 7. O-O e5 8. Re1 c6 9. a4 Re8 10. Qb3 Nf8 11. a5 Qc7 12. h3 Be6 13. Bc4 Bxc4 14. Qxc4 exd4 15. cxd4 d5 16. exd5 Rxe1+ 17. Nxe1 Nxd5 18. Ndf3 Re8 19. Bd2 Ne6 20. Nd3 h5 21. b4 a6 22. Rc1 Qd6 23. Nc5 Qe7 24. Re1 Qc7 25. Nxe6 Rxe6 26. Rxe6 fxe6 27. Ng5 Qe7 28. h4 e5 29. dxe5 Bxe5 30. Be3 Bd6 31. g3 Bxb4 32. Bd4 Bd6 33. Bb2 Be5 34. Bc1 Bf6 35. Kg2 Qd7 36. Bd2 Kg7 37. Be1 Qe7 38. Qc1 Qe5 39. Bd2 Ne7 40. Nf3 Qd5 41. Bg5 Nf5 42. Bxf6+ Kxf6 43. Qb2+ Kf7 44. Qxb7+ Kf6 45. Qb2+ Kf7 46. Qb7+ Ke6 47. Qb2 c5 48. Qe2+ Kd7 49. Qxa6 Nd4 50. Qa7+ Ke6 51. Qb6+ Kf5 0-1


[Site "https://www.chess.com"]

[Event "Titled Tuesday Blitz July 4 Early 2023"]
[White "Kuchava, Ana"]
[Black "Vila Dupla, Aurelio"]
[WhiteFideId "13605348"]
[BlackFideId "2203383"]
[WhiteElo "2261"]
[BlackElo "2167"]
[Result "1-0"]
[Round "10"]
[TimeControl "180+2"]
[Date "2023.07.04"]
[WhiteClock "0:00:31"]
[BlackClock "0:00:08"]
[Board "156"]

1. d4 Nf6 2. Nf3 g6 3. c4 Bg7 4. Nc3 d5 5. e4 dxe4 6. Ng5 c5 7. dxc5 Qxd1+ 8. Kxd1 Bg4+ 9. Kc2 Bf5 10. Kb3 Nc6 11. Be3 h6 12. Nh3 O-O-O 13. a3 Na5+ 14. Kc2 Be6 15. Nb5 a6 16. Nd4 Bxc4 17. b4 Bxf1 18. Rhxf1 Nc4 19. Kb3 e5 20. Kxc4 exd4 21. Bxd4 Rxd4+ 22. Kxd4 Ng4+ 23. Kxe4 Bxa1 24. Rxa1 Nxh2 25. f3 Re8+ 26. Kf4 g5+ 27. Kg3 g4 28. fxg4 1-0


[Site "https://www.chess.com"]

[Event "Titled Tuesday Blitz July 4 Early 2023"]
[White "Feliz Dotel, Dewar Bienvenido"]
[Black "Mendez, Ruddy Antonio"]
[WhiteFideId "6402801"]
[BlackFideId "6403387"]
[WhiteElo "2162"]
[BlackElo "2255"]
[Result "1-0"]
[Round "10"]
[TimeControl "180+2"]
[Date "2023.07.04"]
[WhiteClock "0:00:05"]
[BlackClock "0:00:00"]
[Board "157"]

1. d4 Nf6 2. Nf3 d5 3. e3 c5 4. c4 Nc6 5. cxd5 Nxd5 6. dxc5 e6 7. a3 Bxc5 8. b4 Be7 9. Bb2 O-O 10. Bd3 Bf6 11. Ra2 e5 12. Be4 Be6 13. Ra1 a6 14. O-O g6 15. Nc3 Nxc3 16. Bxc3 Bg7 17. Bxc6 bxc6 18. Bxe5 Bd5 19. Bxg7 Kxg7 20. Rc1 a5 21. Rc5 axb4 22. axb4 Qf6 23. Qd4 Ra4 24. Qxf6+ Kxf6 25. Rb1 Bxf3 26. gxf3 Rb8 27. Rxc6+ Kg7 28. b5 Ra2 29. Rc7 Rd8 30. b6 Rdd2 31. Rf1 Rab2 32. Rb7 Rd6 33. f4 Rdxb6 34. Rxb6 Rxb6 35. Rc1 Rb4 36. Kg2 h5 37. Kf3 Ra4 38. Rc7 Rb4 39. h4 Ra4 40. Rc5 Kf8 41. f5 Kg7 42. fxg6 Kxg6 43. Rg5+ Kh6 44. Kg3 f6 45. Rg8 Kh7 46. Rd8 Kg6 47. Rd4 Ra1 48. f4 f5 49. Rd6+ Kg7 50. Kf3 Rh1 51. Rd5 Kg6 52. Rd6+ Kg7 53. Kg3 Rg1+ 54. Kf2 Rh1 55. Rd7+ Kg6 56. Kg3 Rg1+ 57. Kh2 Re1 58. Re7 Kf6 59. Re5 Kg6 60. Kg3 Rg1+ 61. Kf2 Rh1 62. e4 Rxh4 63. exf5+ Kf6 64. Ra5 1-0


[Site "https://www.chess.com"]